 Dungeon Crawl Stone Soup version 0.22-a0-247-gbddf880 (webtiles) character file.

15344 Amnesiac the Thaumaturge (level 12, -4/66 HPs)
             Began as a Tengu Air Elementalist on Feb 23, 2018.
             Was a High Priest of Sif Muna.
             Slain by a death knight
             ... wielding a +4 battleaxe
              (25 damage)
             ... on level 13 of the Dungeon.
             The game lasted 00:40:13 (14470 turns).

Amnesiac the Thaumaturge (Tengu Air Elementalist)  Turns: 14470, Time: 00:40:15

Health: -4/66      AC:  8    Str: 11 (12) XL:     12   Next: 26%
Magic:  2/29       EV: 15    Int: 19 (20) God:    Sif Muna [*****.]
Gold:   457        SH:  0    Dex: 15      Spells: 9/35 levels left

rFire    + . .     SeeInvis .   b - +2 dagger (venom)
rCold    . . .     Gourm    .   (no shield)
rNeg     . . .     Faith    .   e - +0 robe
rPois    .         Spirit   .   (helmet restricted)
rElec    .         Reflect  .   g - +2 cloak
rCorr    .         Harm     .   T - +2 pair of gloves {Str+3}
MR       .....                  (boots unavailable)
Stlth    ++........             (no amulet)
HPRegen  0.21/turn              m - ring of protection from fire
MPRegen  0.21/turn              q - ring of wizardry

@: divine energy
A: beak, talons 3, able to fly 1
a: Fly, Stop Divine Energy, Channel Magic, Forget Spell, Renounce Religion


You were on level 13 of the Dungeon.
You worshipped Sif Muna.
Sif Muna was extremely pleased with you.
You were hungry.

You visited 2 branches of the dungeon, and saw 14 of its levels.
You also visited: Sewer.

You collected 784 gold pieces.
You spent 327 gold pieces at shops.

Inventory:

Hand Weapons
 a - a +3 dagger of speed
 b - a +2 dagger of venom (weapon)
 v - a +0 blowgun
Missiles
 c - 21 poisoned needles
 N - 10 curare-tipped needles
Armour
 e - a +0 robe (worn)
 g - a +2 cloak (worn)
 T - a +2 pair of gloves of strength (worn)
Jewellery
 m - a ring of protection from fire (left hand)
 q - a ring of wizardry (right hand)
 x - an uncursed ring of protection from fire
Wands
 d - a wand of iceblast (23)
 t - a wand of polymorph (22)
 u - a wand of random effects (49)
 z - a wand of acid (18)
 C - a wand of enslavement (30)
 O - a wand of disintegration (17)
 R - a wand of scattershot (8)
Scrolls
 f - 6 scrolls of remove curse {!r}
 h - 9 scrolls of teleportation {!r}
 n - 4 scrolls of fog {!r}
 y - 5 scrolls of blinking {!r}
 F - a scroll of fear {!r}
 G - a scroll of amnesia {!r}
 I - a scroll of noise {!r}
 M - a scroll of enchant weapon {!r}
 P - a scroll of vulnerability {!r}
Potions
 i - a potion of cancellation {!q}
 k - a potion of magic {!q}
 o - a potion of invisibility {!q}
 p - 4 potions of agility {!q}
 r - a potion of brilliance {!q}
 w - 2 potions of berserk rage {!q}
 B - 2 potions of haste {!q}
 D - 2 potions of mutation {!q}
 K - 2 potions of might {!q}
 L - a potion of resistance {!q}
 Q - a potion of lignification {!q}
 S - a potion of curing {!q}
Comestibles
 j - 18 rations
 l - 4 chunks of flesh


   Skills:
 - Level 4.0 Fighting
 - Level 4.8 Dodging
 - Level 2.0 Stealth
 - Level 12.0 Spellcasting
 - Level 12.0 Conjurations
 - Level 12.0 Air Magic
 + Level 3.2 Invocations


You had 9 spell levels left.
You knew the following spells:

 Your Spells              Type           Power        Failure   Level  Hunger
b - Static Discharge      Conj/Air       ######..     1%          3    None
c - Swiftness             Chrm/Air       ####....     1%          2    None
d - Airstrike             Air            ######....   1%          4    ##.....
e - Mephitic Cloud        Conj/Pois/Air  #####...     1%          3    None
f - Lightning Bolt        Conj/Air       ######....   1%          5    ####...
g - Fulminant Prism       Conj/Hex       ####......   1%          4    ##.....
s - Conjure Flame         Conj/Fire      ####....     1%          3    None
v - Blink                 Tloc           N/A          3%          2    None


Dungeon Overview and Level Annotations

Branches:
Dungeon (13/15)            Temple (1/1) D:4            Lair (0/6) D:9
    Orc (0/2) D:10
 Vaults: D:13-14

Altars:
Ashenzari
Cheibriados
Dithmenos
Elyvilon
Fedhas
Gozag
Hepliaklqana
Kikubaaqudgha
Makhleb
Nemelex Xobeh
Okawaru
Qazlal
Ru
Sif Muna
Trog
Uskayaw
Vehumet
Wu Jian
Xom
Yredelemnul
Zin
The Shining One

Shops:
D:4 *}[[*   D:10 %   D:12 [

Portals:
Trove: D:10 (give 16 potions of curing)


Innate Abilities, Weirdness & Mutations

You have a beak for a mouth.
You have claws for feet.
You can fly.


Message History

You hear a shout!
Casting: Airstrike (safe; 1% risk of failure)
Confirm with . or Enter, or press ? or * to list all spells.
Aiming: Airstrike (safe; 1% risk of failure)
Press: ? - help, Dir - move target cursor, f/p - freezing wraith
Aim: a freezing wraith (moderately damaged)
The air twists around and violently strikes the freezing wraith!
The freezing wraith is severely damaged.
An orc comes into view. It is wielding a falchion.
Casting: Airstrike (safe; 1% risk of failure)
Confirm with . or Enter, or press ? or * to list all spells.
Aiming: Airstrike (safe; 1% risk of failure)
Press: ? - help, Dir - move target cursor, f/p - freezing wraith
Aim: a freezing wraith (severely damaged)
The air twists around and violently strikes the freezing wraith!
The freezing wraith is severely damaged.
The orc shouts!
Casting: Airstrike (safe; 1% risk of failure)
Confirm with . or Enter, or press ? or * to list all spells.
Aiming: Airstrike (safe; 1% risk of failure)
Press: ? - help, Dir - move target cursor, f/p - freezing wraith
Aim: a freezing wraith (severely damaged)
The air twists around and violently strikes the freezing wraith!
You destroy the freezing wraith!
Sif Muna accepts your kill.
Your Invocations skill increases to level 3!
Casting: Airstrike (safe; 1% risk of failure)
Confirm with . or Enter, or press ? or * to list all spells.
Aiming: Airstrike (safe; 1% risk of failure)
Press: ? - help, Dir - move target cursor
Okay, then.
Casting: Airstrike (safe; 1% risk of failure)
Confirm with . or Enter, or press ? or * to list all spells.
Aiming: Lightning Bolt (safe; 1% risk of failure)
Press: ? - help, Shift-Dir - straight line
Okay, then.
Casting: Lightning Bolt (safe; 1% risk of failure)
Confirm with . or Enter, or press ? or * to list all spells.
Aiming: Lightning Bolt (safe; 1% risk of failure)
Press: ? - help, Shift-Dir - straight line You hear a mighty clap of thunder!
The bolt of lightning misses the death knight.
The bolt of lightning hits the death knight.
The death knight is lightly wounded.
Unknown command.
The death knight offers itself to Yredelemnul, and fills with unholy energy.
The orc throws a tomahawk.
The tomahawk hits you.
Casting: Lightning Bolt (safe; 1% risk of failure)
Confirm with . or Enter, or press ? or * to list all spells.
Aiming: Lightning Bolt (safe; 1% risk of failure)
Press: ? - help, Shift-Dir - straight line You hear a mighty clap of thunder!
The bolt of lightning hits the death knight.
The death knight is heavily wounded.
The bolt of lightning hits the death knight.
The death knight is almost dead.
The death knight reflects your damage back at you!
Ouch! That really hurt!
* * * LOW HITPOINT WARNING * * *
The orc throws a tomahawk.
The tomahawk misses you.
Really quaff
J - a potion of heal wounds {!q}?
You feel much better.
The death knight hits you with an enchanted battleaxe!!
You die...

#W# #.# #o# #.# #p#
#.# #.# #.#### #.#
#....#
#รท##########....#
#..o.......[....#
#.#...(.........# #
#.W..>p@.([.....#.#
###.....).[.....'.#
#........[....###
#.......<.....#
###############


You could see a death knight, a wraith and an orc.

Vanquished Creatures
  3 two-headed ogres
  Sonja (D:11)
  2 deep elf magi (D:12)
  An ugly thing (D:12)
  2 manticores (D:11)
  A centaur zombie (D:13)
  A freezing wraith (D:13)
  A troll (D:13)
  4 hippogriffs
  3 slime creatures
  Sigmund (D:3)
  13 yaks
  A shadow (D:11)
  2 wyverns (D:8)
  A wraith (D:10)
  2 vampire mosquitoes (D:13)
  A hungry ghost (D:8)
  4 wargs (D:10)
  A soldier ant (D:13)
  3 water moccasins
  5 orc warriors
  A sky beast (D:13)
  A hornet zombie (D:9)
  4 ice beasts
  A phantom (D:8)
  2 black bears
  5 ogres
  5 centaurs
  A crocodile (D:12)
  A big kobold (D:7)
  Blork the orc (D:4)
  4 bullfrogs
  A wyvern zombie (D:12)
  A water moccasin skeleton (D:10)
  5 scorpions
  8 killer bees
  2 howler monkeys (D:8)
  A bullfrog zombie (D:6)
  8 crimson imps
  3 hounds
  7 jellies
  A centaur skeleton (D:4)
  2 orc priests
  A gnoll shaman (D:5)
  5 orc wizards
  Jessica (D:3)
  Natasha (thrice) (Temple)
  3 bullfrog skeletons
  Ijyb (D:2)
  3 iguanas
  6 worker ants
  A hound zombie (D:7)
  A worker ant zombie (D:8)
  12 adders
  4 gnolls
  A shadow imp (D:12)
  10 oozes
  An adder zombie (D:5)
  3 worms
  2 dart slugs (D:3)
  9 leopard geckos
  32 orcs
  14 bats
  2 giant cockroaches
  5 goblins
  5 hobgoblins
  15 jackals
  4 quokkas
  2 ball pythons
  3 frilled lizards
  A jackal skeleton (D:6)
  A jackal zombie (D:9)
  7 kobolds
  A leopard gecko skeleton (D:4)
  A quokka zombie (D:7)
  11 rats
289 creatures vanquished.

Vanquished Creatures (others)
  A fulminant prism (D:9)
1 creature vanquished.

Grand Total: 290 creatures vanquished

Notes
Turn   | Place    | Note
-------+----------+-------------------------------------------
     0 | D:1      | Amnesiac the Tengu Air Elementalist began the quest for the Orb.
     0 | D:1      | Reached XP level 1. HP: 10/10 MP: 4/4
    99 | D:1      | Reached XP level 2. HP: 15/15 MP: 0/6
   835 | D:2      | Reached XP level 3. HP: 19/19 MP: 4/7
   967 | D:4      | Found Coerinti's Assorted Antiques.
  1007 | D:4      | Noticed Blork the orc
  1030 | D:3      | Learned a level 3 spell: Static Discharge
  1121 | D:3      | Noticed Ijyb
  1142 | D:4      | Noticed an ogre
  1150 | D:4      | Noticed Natasha
  1174 | D:4      | Found Ziydep's Gadget Emporium.
  1238 | D:4      | Reached skill level 1 in Fighting
  1283 | D:4      | Reached XP level 4. HP: 10/26 MP: 3/8
  1361 | D:4      | Killed an ogre
  1361 | D:4      | Gained mutation: You can fly. [Tengu growth]
  1361 | D:4      | Reached XP level 5. HP: 25/32 MP: 9/9
  1885 | D:2      | Learned a level 3 spell: Mephitic Cloud
  2022 | D:3      | Reached XP level 6. HP: 37/37 MP: 4/10
  2083 | D:4      | Bought a glowing purple potion for 21 gold pieces
  2083 | D:4      | Bought a fizzy red potion for 21 gold pieces
  2091 | D:4      | Found Poxug's Antique Armour Shoppe.
  2230 | D:4      | Found Oxoxzeof's Armour Shop.
  2353 | D:4      | Killed Blork the orc
  2474 | D:4      | Found Wuud's Assorted Antiques.
  2523 | D:4      | Found a staircase to the Ecumenical Temple.
  2527 | D:4      | Bought a scroll labeled KUNUCV AFUTILY for 20 gold pieces
  2527 | D:4      | Bought a fizzy black potion for 18 gold pieces
  2540 | Temple   | Entered the Ecumenical Temple
  2806 | Temple   | Became a worshipper of Sif Muna the Loreminder
  2877 | Temple   | Killed Natasha
  2895 | Temple   | Noticed Natasha
  3074 | Temple   | Killed Natasha
  3074 | Temple   | Reached XP level 7. HP: 40/43 MP: 2/11
  3150 | Temple   | Noticed Natasha
  3169 | Temple   | Killed Natasha
  3358 | D:2      | Killed Ijyb
  3413 | D:2      | Learned a level 4 spell: Airstrike
  4077 | D:3      | Noticed Sigmund
  4092 | D:3      | Killed Sigmund
  4092 | D:3      | Reached * piety under Sif Muna
  4092 | D:3      | Reached skill level 5 in Conjurations
  4092 | D:3      | Reached skill level 5 in Air Magic
  4109 | D:3      | Noticed Jessica
  4109 | D:3      | Killed Jessica
  4736 | D:5      | Entered Level 5 of the Dungeon
  4760 | D:5      | Reached XP level 8. HP: 44/48 MP: 6/15
  5092 | D:5      | Reached skill level 5 in Spellcasting
  5507 | D:5      | Reached ** piety under Sif Muna
  5822 | D:6      | Found a glowing drain.
  5831 | Sewer    | Entered a sewer
  6460 | D:6      | Learned a level 3 spell: Conjure Flame
  6463 | D:6      | Learned a level 2 spell: Blink
  6466 | D:6      | Learned a level 2 spell: Swiftness
  6842 | D:7      | Reached XP level 9. HP: 52/52 MP: 15/19
  6871 | D:7      | Reached *** piety under Sif Muna
  7560 | D:8      | Noticed a two-headed ogre
  7643 | D:7      | Killed a two-headed ogre
  7643 | D:7      | Reached **** piety under Sif Muna
  7767 | D:8      | Learned a level 5 spell: Lightning Bolt
  7917 | D:8      | Noticed a two-headed ogre
  7944 | D:8      | Killed a two-headed ogre
  7944 | D:8      | Reached XP level 10. HP: 40/56 MP: 2/24
  8137 | D:8      | Reached ***** piety under Sif Muna
  8207 | D:8      | Identified Sif Muna's Papyrus of Enchanting Heat (Sif Muna gifted it to you on level 8 of the Dungeon)
  8207 | D:8      | Received a gift from Sif Muna
  8230 | D:8      | Learned a level 4 spell: Fulminant Prism
  8550 | D:9      | Found a white marble altar of Elyvilon.
  9205 | D:9      | Found a staircase to the Lair.
  9533 | D:9      | Reached skill level 10 in Spellcasting
  9533 | D:9      | Reached skill level 10 in Conjurations
  9533 | D:9      | Reached skill level 10 in Air Magic
  9682 | D:10     | Entered Level 10 of the Dungeon
  9685 | D:10     | Found Ceufieba's Food Shop.
  9746 | D:10     | Reached XP level 11. HP: 61/61 MP: 11/26
 10549 | D:10     | Found a staircase to the Orcish Mines.
 10802 | D:10     | Found a portal to a secret trove of treasure.
 11148 | D:11     | Noticed a manticore
 11153 | D:11     | Killed a manticore
 11528 | D:11     | Noticed a manticore
 11540 | D:11     | Killed a manticore
 11795 | D:11     | Noticed Sonja
 11798 | D:11     | Killed Sonja
 11798 | D:11     | Identified Sif Muna's Almanac of Ensnaring Conjuration (Sif Muna gifted it to you on level 11 of the Dungeon)
 11798 | D:11     | Received a gift from Sif Muna
 12102 | D:12     | Noticed a red ugly thing
 12122 | D:12     | Killed a red ugly thing
 12224 | D:12     | Noticed a deep elf mage
 12241 | D:12     | Killed a deep elf mage
 12814 | D:12     | Noticed a deep elf mage
 12823 | D:12     | Killed a deep elf mage
 13221 | D:12     | Found Yfistujustri's Antique Armour Shop.
 13224 | D:12     | Bought a pair of embroidered gloves for 247 gold pieces
 13314 | D:13     | Noticed a death knight
 13648 | D:13     | Reached XP level 12. HP: 52/66 MP: 3/28
 13956 | D:13     | Noticed a two-headed ogre
 13971 | D:13     | Killed a two-headed ogre
 14139 | D:13     | Reached skill level 1 in Invocations
 14468 | D:13     | HP: 1/66 [mirror damage (47)]
 14470 | D:13     | Slain by a death knight

Vault maps used:
D:1:      enne_arrival_octagon_isle
D:2:      first_ration
D:3:      st_stairs_8, uniq_sigmund, uniq_ijyb, uniq_jessica
D:4:      minmay_temple_entry_butterflies, serial_shops, shop,
          nicolae_shop_overgrown_old_shop, shop,
          nicolae_shop_overgrown_old_shop, nicolae_shop_behind_doors,
          uniq_natasha, uniq_blork_the_orc
D:5:      grunt_ministairs_10
D:6:      portal_sewer_entry_d
D:9:      overflow_temple_1_default, lair_entry_dummy,
          hangedman_little_slice_of_home, hangedman_decor_growths
D:10:     minmay_orc_entry_guard_dogs, serial_curves, eino_curves_01,
          eino_curves_04, serial_shops, shop, trove_entry_hex_spiral
D:11:     minmay_misc_feat_ornament, uniq_sonja
D:12:     kennysheep_spiral_hall, serial_shops,
          nicolae_shop_competitors_out_of_business
D:13:     david_vaults_4
Temple:   compressed_dpeg_circular_temple
Sewer:    sewer_fruit_machine

Skill      XL: |  1  2  3  4  5  6  7  8  9 10 11 12 |
---------------+-------------------------------------+-----
Conjurations   | 3 4 5 6 9 10 11 12 | 12.0
Fighting       | 2 3 4 |  4.0
Dodging        | 3 4 |  4.8
Spellcasting   | 4 6 9 10 11 12 | 12.0
Air Magic      | 5 6 9 10 11 12 | 12.0
Invocations    | 3 |  3.2
Stealth        | |  2.0

Action                   |  1- 3 |  4- 6 |  7- 9 | 10-12 || total
-------------------------+-------+-------+-------+-------++-------
Melee: Dagger            |     1 |    43 |    78 |   105 ||   227
       Kick              |       |     9 |    19 |    28 ||    56
       Unarmed           |       |    14 |       |       ||    14
       Peck              |       |     3 |     7 |    19 ||    29
 Cast: Shock             |    48 |    32 |   206 |    27 ||   313
       Static Discharge  |       |     2 |    18 |    34 ||    54
       Mephitic Cloud    |       |     4 |     5 |     1 ||    10
       Airstrike         |       |       |    13 |   147 ||   160
       Lightning Bolt    |       |       |     3 |    31 ||    34
       Fulminant Prism   |       |       |       |     1 ||     1
Invok: Divine Energy     |       |       |     1 |       ||     1
 Abil: Fly               |       |     1 |     7 |     7 ||    15
  Use: Potion            |       |     6 |       |     2 ||     8
       Scroll            |       |     4 |     7 |    11 ||    22
 Stab: Sleeping          |       |     2 |     5 |     5 ||    12
       Confused          |       |     1 |     3 |     1 ||     5
  Eat: Chunk             |     1 |     8 |    19 |    29 ||    57
       Ration            |       |       |       |     2 ||     2
Armor: Robe              |     1 |     5 |    15 |    26 ||    47
       Skin              |       |    12 |       |       ||    12
Dodge: Dodged            |     7 |    65 |   111 |   140 ||   323

Table legend:
 A = Spawn XP
 B = Non-spawn XP
 C = Spawn XP percentage of total XP
 D = Spawn monster count
 E = Non-spawn monster count
 F = Spawn count percentage of total count
 G = Total turns spent on level
                    A         B        C        D         E        F      G
               +---------+---------+-------+---------+---------+-------+---------
         Total |       0 |   21921 |   0.0 |       0 |     289 |   0.0 | 14470
               +---------+---------+-------+---------+---------+-------+---------
           D:1 |       0 |      33 |   0.0 |       0 |      13 |   0.0 |   734
           D:2 |       0 |      60 |   0.0 |       0 |      10 |   0.0 |   693
           D:3 |       0 |     441 |   0.0 |       0 |      35 |   0.0 |  1378
           D:4 |       0 |     422 |   0.0 |       0 |      17 |   0.0 |  1441
           D:5 |       0 |     492 |   0.0 |       0 |      21 |   0.0 |   876
           D:6 |       0 |     281 |   0.0 |       0 |      10 |   0.0 |   410
           D:7 |       0 |    2204 |   0.0 |       0 |      32 |   0.0 |  1070
           D:8 |       0 |    3206 |   0.0 |       0 |      24 |   0.0 |  1013
           D:9 |       0 |    1508 |   0.0 |       0 |      19 |   0.0 |  1008
          D:10 |       0 |    2135 |   0.0 |       0 |      26 |   0.0 |  1188
          D:11 |       0 |    3401 |   0.0 |       0 |      16 |   0.0 |  1100
          D:12 |       0 |    3609 |   0.0 |       0 |      17 |   0.0 |  1700
          D:13 |       0 |    3935 |   0.0 |       0 |      22 |   0.0 |   800
        Temple |       0 |     121 |   0.0 |       0 |       4 |   0.0 |   490
         Sewer |       0 |      73 |   0.0 |       0 |      23 |   0.0 |   569
               +---------+---------+-------+---------+---------+-------+---------
